 Dungeon Crawl Stone Soup version 0.27-a0-1202-ge72e49191c (webtiles) character file.

Game seed: 6101074623382988804

2417 Lanoc the Insei (level 9, 0/59 (61) HPs)
             Began as a Gnoll Transmuter on June 2, 2021.
             Was an Elder of Hepliaklqana.
             Slain by a gnoll
             ... wielding a +0 halberd
              (14 damage)
             ... on level 7 of the Dungeon.
             The game lasted 00:10:52 (7266 turns).

Lanoc the Insei (Gnoll Transmuter)                  Turns: 7266, Time: 00:10:53

HP:   0/59 (61)     AC:  6    Str:  9    XL:     9   Next: 47%
MP:   17/19         EV: 14    Int: 16    God:    Hepliaklqana [****..]
Gold: 191           SH:  5    Dex: 13    Spells: 13/21 levels left

rFire    . . .     SeeInvis .     - Unarmed
rCold    . . .     Faith    .   m - +0 buckler
rNeg     + . .     Spirit   .   a - +0 robe
rPois    .         Reflect  .   (helmet currently unavailable)
rElec    .         Harm     .   (no cloak)
rCorr    .         Rampage  .   (no gloves)
Will     .....                  (boots currently unavailable)
Stlth    +++.......             (no amulet)
HPRegen  0.19/turn              g - ring of positive energy
MPRegen  0.16/turn              p - +4 ring of protection

@: appendages, wereblooded, lightly drained
A: horns 2, talons 2, reduced essence, fangs 1, strong nose, distributed
training
a: End Transformation, Renounce Religion, Recall Ancestor, Ancestor Identity,
Transference, Idealise


You were on level 7 of the Dungeon.
You worshipped Hepliaklqana.
Hepliaklqana was greatly pleased with you.
You had temporarily grown beastly horns and talons.
You visited 2 branches of the dungeon, and saw 8 of its levels.

You collected 367 gold pieces.
You spent 176 gold pieces at shops.

Inventory:

Armour
 a - a +0 robe (worn)
 m - a +0 buckler (worn)
 q - a +2 kite shield
Jewellery
 g - a ring of positive energy (left hand)
 p - a +4 ring of protection (right hand)
Wands
 r - a wand of paralysis (9)
 u - a wand of iceblast (8)
 y - a wand of charming (7)
 A - a wand of flame (13)
Scrolls
 b - 7 scrolls of identify {unknown}
 c - 2 scrolls of fog {unknown}
 d - a scroll of enchant armour {unknown}
 e - 3 scrolls of blinking {unknown}
 f - 3 scrolls of amnesia {unknown}
 i - a scroll of noise {unknown}
 j - 3 scrolls of teleportation
 k - 2 scrolls of magic mapping
 o - a scroll of immolation {unknown}
 t - a scroll of summoning {unknown}
 x - a scroll of enchant weapon {unknown}
Potions
 h - a potion of lignification {unknown}
 l - a potion of magic {unknown}
 s - a potion of might {unknown}
 v - a potion of brilliance {unknown}
 w - a potion of flight {unknown}
 z - a potion of mutation {unknown}


   Skills:
 + Level 5.1 Fighting
 + Level 4.3 Short Blades
 + Level 4.3 Long Blades
 + Level 4.3 Axes
 + Level 4.3 Maces & Flails
 + Level 4.3 Polearms
 + Level 4.3 Staves
 + Level 4.3 Slings
 + Level 4.3 Bows
 + Level 4.3 Crossbows
 + Level 4.3 Throwing
 + Level 4.3 Armour
 + Level 6.3 Dodging
 + Level 4.3 Stealth
 + Level 4.3 Shields
 + Level 7.9 Unarmed Combat
 + Level 6.6 Spellcasting
 + Level 3.5 Conjurations
 + Level 3.5 Hexes
 + Level 3.5 Summonings
 + Level 3.5 Necromancy
 + Level 3.5 Translocations
 + Level 5.2 Transmutations
 + Level 3.5 Fire Magic
 + Level 3.5 Ice Magic
 + Level 3.5 Air Magic
 + Level 3.5 Earth Magic
 + Level 3.5 Poison Magic
 + Level 4.7 Invocations
 + Level 4.3 Evocations


You had 13 spell levels left.
You knew the following spells:

 Your Spells              Type           Power      Damage    Failure   Level
a - Hydra Form            Tmut           11%        N/A       38%         5
g - Wereblood             Tmut           22%        N/A       2%          2
h - Beastly Appendage     Tmut           44%        N/A       1%          1

Your spell library contained the following spells:

 Spells                   Type           Power      Damage    Failure   Level
 Spider Form              Tmut/Pois      9%         N/A       6%          3
 Ice Form                 Ice/Tmut       19%        N/A       22%         4


Dungeon Overview and Level Annotations

Branches:
Dungeon (7/15)             Temple (1/1) D:5

Altars:
Cheibriados
Elyvilon
Fedhas
Hepliaklqana

Shops:
D:3 !(*[*   D:5 (*!((


Innate Abilities, Weirdness & Mutations

You have temporarily grown beastly horns and talons.
Your life essence is reduced to manifest your ancestor. (-10% HP)
You have very sharp teeth.
Your uncanny sense of smell can sniff out nearby items.
Your experience applies equally to all skills.


Message History

Belanum casts a spell at the wight.
The puff of frost hits the centaur.
The wight hits you with a +2 spear. You partially resist.
You feel drained.
The gnoll hits Belanum with a +0 club.
The centaur hits Belanum.
The centaur kicks Belanum but does no damage.
Belanum completely misses the centaur.
The wight hits you from afar with a +2 spear.
You partially resist.
You feel drained.
The centaur hits Belanum.
The centaur kicks Belanum.
Things that are here:
a +0 hand axe; an orc corpse You hit something.
The centaur hits Belanum.
The centaur kicks Belanum.
You block something's attack.
Belanum hits the centaur with a +0 quarterstaff!!
The centaur dies!
The wight closely misses you.
You hit something. You headbutt something.
The gnoll hits you but does no damage.
The gnoll barely misses Belanum.
You hear some strange, mumbled words.
A magic dart appears from out of thin air!
The magic dart hits you.
* * * LOW HITPOINT WARNING * * *
You block the wight's attack.
Belanum hits the gnoll with a +0 quarterstaff!!
The gnoll dies!
You barely miss something.
You howl as the wereblood boils in your veins!
A gnoll comes into view. It is wielding a +0 whip.
Something hits you.
* * * LOW HITPOINT WARNING * * *
You barely miss something. Your kick misses something.
The wight hits you but does no damage.
Belanum barely misses the gnoll.
The gnoll closely misses you. The gnoll barely misses you.
You feel better. Something hits you.
* * * LOW HITPOINT WARNING * * *
The wight misses you.
Belanum hits the gnoll with a +0 quarterstaff!
The gnoll barely misses you.
The gnoll hits you from afar with a +0 halberd!
You die...

...........#
..[........#
...........#
...........#
....g......####
.....g.........#
......zg...# .#
#gR..###.#
#@##)....#
###{#....#.#
...o#.#..#
.......).#
...##.#..#
..#....#..#
####..###..#
....#....# ###
#.#..#


You could see the friendly Belanum the battlemage, a gnoll shaman, a wight, 3
gnolls and an orc.

Vanquished Creatures
  An ugly thing (D:6)
  4 wights
  A centaur zombie (D:5)
  A hound (D:6)
  A centaur skeleton (D:4)
  An orc wizard (D:6)
  A killer bee zombie (D:6)
  3 gnolls
  A shadow imp (D:6)
  A white imp (D:3)
  An adder skeleton (D:5)
  2 worms
  8 orcs
  4 ball pythons (D:1)
  5 endoplasms
  7 hobgoblins
  4 jackals (D:1)
  2 quokkas
  6 bats
  A frilled lizard (D:3)
  7 kobolds
  2 rats (D:3)
64 creatures vanquished.

Vanquished Creatures (collateral kills)
  A cyclops (D:6)
  A vampire mosquito (D:6)
  A black bear (D:2)
  2 ogres
  A centaur (D:7)
  A phantom (D:5)
  2 scorpions
  2 water moccasin zombies (D:5)
  2 wights (D:7)
  4 hounds
  A bullfrog skeleton (D:6)
  3 iguanas
  2 orc wizards
  A howler monkey skeleton (D:6)
  3 gnolls
  4 adders
  A shadow imp (D:6)
  An ufetubus (D:4)
  A worm (D:4)
  9 orcs
  An endoplasm (D:1)
  A giant cockroach (D:1)
  2 goblins
  A hobgoblin (D:3)
  A quokka (D:4)
  2 ball pythons
  A bat (D:3)
  A kobold (D:4)
  A rat (D:3)
54 creatures vanquished.

Vanquished Creatures (others)
  2 battlemagi (D:6)
  2 withered plants (D:1)
4 creatures vanquished.

Grand Total: 122 creatures vanquished

Notes
Turn   | Place    | Note
-------+----------+-------------------------------------------
     0 | D:1      | Lanoc the Gnoll Transmuter began the quest for the Orb.
     0 | D:1      | Reached XP level 1. HP: 17/17 MP: 6/6
    22 | D:1      | Reached XP level 2. HP: 14/23 MP: 5/7
   200 | D:1      | Found a faded altar of an unknown god.
   238 | D:1      | Became a worshipper of Hepliaklqana the Forgotten
   238 | D:1      | Reached * piety under Hepliaklqana
   468 | D:1      | Learned a level 2 spell: Wereblood
   638 | D:1      | Reached XP level 3. HP: 25/25 MP: 9/9
   715 | D:1      | Reached skill level 5 in Spellcasting
  1055 | D:1      | Reached skill level 1 in Invocations
  1574 | D:2      | Noticed a black bear
  1582 | D:2      | Killed a black bear
  1583 | D:2      | Reached skill level 1 in Short Blades
  1583 | D:2      | Reached skill level 1 in Long Blades
  1583 | D:2      | Reached skill level 1 in Axes
  1583 | D:2      | Reached skill level 1 in Maces & Flails
  1583 | D:2      | Reached skill level 1 in Polearms
  1583 | D:2      | Reached skill level 1 in Staves
  1583 | D:2      | Reached skill level 1 in Slings
  1583 | D:2      | Reached skill level 1 in Bows
  1583 | D:2      | Reached skill level 1 in Crossbows
  1583 | D:2      | Reached skill level 1 in Throwing
  1583 | D:2      | Reached skill level 1 in Armour
  1583 | D:2      | Reached skill level 1 in Stealth
  1583 | D:2      | Reached skill level 1 in Shields
  1583 | D:2      | Reached skill level 1 in Conjurations
  1583 | D:2      | Reached skill level 1 in Hexes
  1583 | D:2      | Reached skill level 1 in Summonings
  1583 | D:2      | Reached skill level 1 in Necromancy
  1583 | D:2      | Reached skill level 1 in Translocations
  1583 | D:2      | Reached skill level 1 in Fire Magic
  1583 | D:2      | Reached skill level 1 in Ice Magic
  1583 | D:2      | Reached skill level 1 in Air Magic
  1583 | D:2      | Reached skill level 1 in Earth Magic
  1583 | D:2      | Reached skill level 1 in Poison Magic
  1583 | D:2      | Reached skill level 1 in Evocations
  1583 | D:2      | Reached XP level 4. HP: 20/30 MP: 11/11
  1583 | D:2      | Reached XP level 5. HP: 24/36 MP: 12/12
  1736 | D:2      | Reached ** piety under Hepliaklqana
  1743 | D:2      | Remembered your ancestor Belanum as a battlemage
  2606 | D:3      | Learned a level 5 spell: Hydra Form
  2613 | D:3      | Found Fac Zistulua's Weapon Shoppe.
  2628 | D:3      | Found Quep's General Store.
  2650 | D:3      | Bought a scroll of teleportation for 39 gold pieces
  2910 | D:3      | Found Negekuk's Distillery.
  2916 | D:3      | Bought a potion of curing for 39 gold pieces
  3147 | D:3      | Found Nyntuah's Antique Armour Emporium.
  3367 | D:3      | Found Orexti's General Store.
  3610 | D:4      | Reached XP level 6. HP: 37/42 MP: 11/13
  3807 | D:4      | Reached skill level 5 in Dodging
  4265 | D:4      | Reached *** piety under Hepliaklqana
  4377 | D:5      | Entered Level 5 of the Dungeon
  4416 | D:5      | Found Gonomn's Weapon Shop.
  4419 | D:5      | Reached XP level 7. HP: 46/46 MP: 13/15
  4428 | D:5      | Reached skill level 7 in Unarmed Combat
  4469 | D:5      | Found Zeshrar's General Store.
  4494 | D:5      | Bought a scroll of magic mapping for 38 gold pieces
  4765 | D:5      | Found Anoudaro's Distillery.
  4772 | D:5      | Bought a potion of heal wounds for 60 gold pieces
  4815 | D:5      | Found Rekulirph's Antique Weapon Emporium.
  5164 | D:5      | Found a staircase to the Ecumenical Temple.
  5184 | D:5      | Found Diomiton's Antique Weapon Emporium.
  5251 | Temple   | Entered the Ecumenical Temple
  5337 | D:6      | Reached XP level 8. HP: 51/54 MP: 16/16
  5511 | D:6      | Noticed a cyclops
  5520 | D:6      | Killed a cyclops
  5860 | D:6      | Found a white marble altar of Elyvilon.
  5862 | D:6      | Noticed a brown ugly thing
  5865 | D:6      | Found a transporter.
  5874 | D:6      | Found a transporter.
  6558 | D:6      | Reached **** piety under Hepliaklqana
  6813 | D:6      | Found a snail-covered altar of Cheibriados.
  6813 | D:6      | Found a hazy altar of Hepliaklqana.
  6818 | D:6      | Found a blossoming altar of Fedhas.
  6878 | D:6      | Reached skill level 5 in Transmutations
  6878 | D:6      | Reached XP level 9. HP: 52/59 MP: 16/18
  6942 | D:6      | HP: 2/59 [acid (8)]
  6953 | D:6      | Killed a brown ugly thing
  7137 | D:7      | Reached skill level 5 in Fighting
  7266 | D:7      | Slain by a gnoll

Illustrated notes

Levels and vault maps discovered:
D:1:      lightli_arrival_chessboard, layout_loops_ring,
          ebering_ecumenical_altar_petrified, grunt_decor_arrowhead
D:2:      layout_loops_ring
D:3:      layout_basic, serial_shops, shop_fountains, shop_fountains, shop,
          shop, shop
D:4:      layout_layer_cave
D:5:      layout_loops_cross, minmay_temple_entry_tees, serial_shops,
          nicolae_shop_trees, kennysheep_little_box, shop, shop, shop,
          minmay_liquid_box, grunt_ministairs_11, skrybe_limestone_x
D:6:      layout_loops_corners, nicolae_overflow_hidden_temple,
          gammafunk_temple_overflow_arena, minitemple
D:7:      layout_basic, grunt_temple_overflow_champion_of_chaos,
          kennysheep_generic_room_4, uniq_prince_ribbit1
Temple:   nicolae_temple_god_jail

Skill      XL: |  1  2  3  4  5  6  7  8  9 |
---------------+----------------------------+-----
Spellcasting   | 5 6 |  6.6
Invocations    | 1 2 3 4 |  4.7
Short Blades   | 1 2 3 4 |  4.3
Long Blades    | 1 2 3 4 |  4.3
Axes           | 1 2 3 4 |  4.3
Maces & Flails | 1 2 3 4 |  4.3
Polearms       | 1 2 3 4 |  4.3
Staves         | 1 2 3 4 |  4.3
Slings         | 1 2 3 4 |  4.3
Bows           | 1 2 3 4 |  4.3
Crossbows      | 1 2 3 4 |  4.3
Throwing       | 1 2 3 4 |  4.3
Armour         | 1 2 3 4 |  4.3
Stealth        | 1 2 3 4 |  4.3
Shields        | 1 2 3 4 |  4.3
Conjurations   | 1 2 3 |  3.5
Hexes          | 1 2 3 |  3.5
Summonings     | 1 2 3 |  3.5
Necromancy     | 1 2 3 |  3.5
Translocations | 1 2 3 |  3.5
Fire Magic     | 1 2 3 |  3.5
Ice Magic      | 1 2 3 |  3.5
Air Magic      | 1 2 3 |  3.5
Earth Magic    | 1 2 3 |  3.5
Poison Magic   | 1 2 3 |  3.5
Evocations     | 1 2 3 4 |  4.3
Fighting       | 3 4 5 |  5.1
Transmutations | 4 5 |  5.2
Dodging        | 5 6 |  6.3
Unarmed Combat | 7 |  7.9

Action                   |  1- 3 |  4- 6 |  7- 9 || total
-------------------------+-------+-------+-------++-------
Melee: Unarmed           |    69 |    72 |   134 ||   275
       Headbutt          |    11 |     9 |    15 ||    35
       Bite              |     3 |     1 |    13 ||    17
       Kick              |    12 |    17 |    24 ||    53
       Punch             |     1 |       |       ||     1
 Cast: Beastly Appendage |    20 |    28 |    19 ||    67
       Wereblood         |       |     5 |     9 ||    14
Invok: Ancestor Life: Ba |       |     1 |       ||     1
Evoke: Wand              |       |       |     2 ||     2
  Use: Potion            |       |       |     4 ||     4
 Stab: Sleeping          |       |     2 |     5 ||     7
       Distracted        |       |       |     1 ||     1
Armor: Robe              |    18 |     5 |    29 ||    52
Dodge: Dodged            |    64 |    40 |    81 ||   185
Block: Buckler           |       |     7 |    26 ||    33

Table legend: (Time is in decaauts)
 A = Elapsed time spent in this place.
 B = Non-inter-level travel time spent in this place.
 C = Inter-level travel time spent in this place.
 D = Time resting spent in this place.
 E = Time spent auto-exploring this place.
 F = Levels seen in this place.
 G = Mean time per level.
                   A        B        C        D        E       F      G
               +--------+--------+--------+--------+--------+-----+--------+
         Total |   7230 |   7010 |    220 |      0 |   6175 |   8 |  903.8 |
       Dungeon |   7228 |   7008 |    220 |      0 |   6175 |   7 | 1032.6 |
        Temple |      1 |      1 |      0 |      0 |      0 |   1 |    1.0 |
               +--------+--------+--------+--------+--------+-----+--------+

Top non-repeatable levels by time:
     D:6: 1834 daAuts
     D:1: 1350 daAuts
     D:3: 1268 daAuts
     D:2: 963 daAuts
     D:5: 896 daAuts
     D:4: 775 daAuts
     D:7: 139 daAuts
  Temple: 1 daAuts
